 Dungeon Crawl Stone Soup version 0.27.1-34-g3ba077fa99 (webtiles) character file.

Game seed: 843609476880182038

1225 Gabide the Poker (level 8, -1/69 HPs)
             Began as a Human Monk on Jan 7, 2022.
             Was a Believer of Elyvilon.
             Succumbed to a water moccasin's poison
             ... on level 6 of the Dungeon.
             The game lasted 00:10:43 (9448 turns).

Gabide the Poker (Human Monk)                       Turns: 9448, Time: 00:10:44

Health: -1/69      AC:  9    Str: 17    XL:     8   Next: 76%
Magic:  8/8        EV: 15    Int: 11    God:    Elyvilon [**....]
Gold:   47         SH:  0    Dex: 18    Spells: 7/7 levels left

rFire    . . .     SeeInvis .   o - +0 halberd
rCold    . . .     Faith    .   (shield currently unavailable)
rNeg     . . .     Spirit   .   b - +0 robe
rPois    .         Reflect  .   (no helmet)
rElec    .         Harm     .   h - +0 cloak
rCorr    .         Rampage  .   (no gloves)
Will     .....                  (no boots)
Stlth    +++.......             (no amulet)
HPRegen  0.21/turn              l - +4 ring of protection
MPRegen  0.11/turn              f - +6 ring of strength

@: lethally poisoned (-1 -> -12)
A: iridescent scales 1, robust 1, MP-powered wands
a: Renounce Religion, Lesser Healing, Heal Other, Divine Protection


You were on level 6 of the Dungeon.
You worshipped Elyvilon.
Elyvilon was pleased with you.
You visited 2 branches of the dungeon, and saw 7 of its levels.

You collected 212 gold pieces.
You spent 165 gold pieces at shops.

Inventory:

Hand Weapons
 o - a +0 halberd (weapon)
Missiles
 n - a throwing net (quivered)
Armour
 b - a +0 robe (worn)
 h - a +0 cloak (worn)
Jewellery
 f - a +6 ring of strength (right hand)
 l - a +4 ring of protection (left hand)
Wands
 a - a wand of polymorph (5)
Scrolls
 c - a scroll of holy word
 e - a scroll of blinking
 g - a scroll of identify
 i - a scroll of teleportation
 k - a scroll of magic mapping
Potions
 p - a potion of resistance


   Skills:
 * Level 5.5 Fighting
 + Level 6.3(6.8) Polearms
 * Level 3.7(5.5) Staves
 * Level 5.4 Dodging
 + Level 3.5 Stealth


You had 7 spell levels left.
You didn't know any spells.
Your spell library contained the following spells:

 Spells                   Type           Power      Damage    Failure   Level
 Conjure Flame            Conj/Fire      0%         6-21      71%         3
 Ignite Poison            Fire/Tmut/Pois 0%         N/A       71%         3
 Portal Projectile        Hex/Tloc       0%         N/A       71%         3
 Sticky Flame             Conj/Fire      0%         2d3       98%         4
 Blade Hands              Tmut           0%         N/A       100%        5
 Excruciating Wounds      Necr           0%         N/A       100%        5


Dungeon Overview and Level Annotations

Branches:
Dungeon (6/15)             Temple (1/1) D:5

Altars:
Cheibriados
Elyvilon
Hepliaklqana
Kikubaaqudgha
Makhleb
Qazlal
Ru
Trog
Uskayaw
Vehumet
Wu Jian
Xom
Yredelemnul
Zin
The Shining One
Beogh

Shops:
D:6 *

Annotations:
D:5 2 runed translucent doors, ildemir's ghost, novice HuHu


Innate Abilities, Weirdness & Mutations

You are partially covered in iridescent scales. (AC +2)
You are robust. (+10% HP)
You expend magic power (3 MP) to strengthen your wands.


Message History

You feel very sick. The water moccasin misses you.
The water moccasin barely misses you.
You barely miss the water moccasin.
The water moccasin is lightly wounded.
You feel very sick. The water moccasin misses you.
You hit the water moccasin but do no damage.
The water moccasin is lightly wounded.
You feel very sick. The water moccasin bites you.
You are more poisoned.
The water moccasin poisons you! The water moccasin bites you!
You are lethally poisoned!
The water moccasin poisons you!
You hit the water moccasin but do no damage.
The water moccasin is lightly wounded.
You feel extremely sick. The water moccasin barely misses you.
The water moccasin closely misses you.
Okay, then.
As you read the scroll of teleportation, it crumbles to dust.
You feel strangely unstable.
* * * LOW HITPOINT WARNING * * *
You feel extremely sick. The water moccasin barely misses you.
* * * LOW HITPOINT WARNING * * *
You feel very sick.
* * * LOW HITPOINT WARNING * * *
You feel very sick.
The water moccasin bites you but does no damage.
Okay, then.
Your surroundings suddenly seem different.
* * * LOW HITPOINT WARNING * * *
You feel very sick.
Unknown command.
Really quaff the potion of mutation?
You feel extremely strange.
You feel robust.
Iridescent scales grow over part of your body.
You feel your magical essence link to the dungeon's wands.
You die...

#...#.........#
#........
#._.#.........#
#........
#.§§#.....##§.#
#.....###
####.§§#######§§.#
#.#####
.....§§§§§§§§§§§.# #.#
._...#§§§§§§§§§§####.##
.....§§§§§§§§§§§.....(#
####.§§#######§§..###.#
. #.§§########§@.# #
####.8)#.....##...# #
...#...#.....##...# #
...#####.....##.).#
.............##)..#
####### #
.............###.##
#.#.#.# .
.........##### #.#
#.#.#.# # .........#
#.# #.#.#.# .........#
#)# #.#...#


There were no monsters in sight!

Vanquished Creatures
  A wyvern (D:5)
  Edmund (D:6)
  A sky beast (D:6)
  2 ogres (D:5)
  A scorpion (D:3)
  A bullfrog zombie (D:6)
  4 orc priests
  2 hounds (D:5)
  A bullfrog skeleton (D:6)
  2 iguanas (D:5)
  Jessica (D:2)
  2 orc wizards
  2 hound skeletons (D:4)
  A howler monkey zombie (D:5)
  7 adders
  4 gnolls (D:5)
  A white imp (D:6)
  An adder skeleton (D:4)
  3 worms
  3 dart slugs
  23 orcs
  7 bats
  5 endoplasms
  A giant cockroach (D:2)
  5 goblins
  5 hobgoblins
  3 quokkas
  7 ball pythons
  6 frilled lizards
  7 kobolds
  8 rats
  2 rat zombies (D:5)
120 creatures vanquished.

Notes
Turn   | Place    | Note
-------+----------+-------------------------------------------
     0 | D:1      | Gabide the Human Monk began the quest for the Orb.
     0 | D:1      | Reached XP level 1. HP: 18/18 MP: 1/1
   210 | D:1      | Reached XP level 2. HP: 23/24 MP: 2/2
   322 | D:1      | You fall into a shaft and drop 1 floor!
   880 | D:1      | Reached XP level 3. HP: 29/29 MP: 3/3
   989 | D:1      | Found a faded altar of an unknown god.
  1585 | D:2      | Noticed Jessica
  1591 | D:2      | Killed Jessica
  1592 | D:2      | Reached skill level 1 in Staves
  1592 | D:2      | Reached XP level 4. HP: 36/36 MP: 4/4
  2429 | D:3      | Reached XP level 5. HP: 42/42 MP: 5/5
  3375 | D:3      | Found an ancient bone altar of Kikubaaqudgha.
  3581 | D:3      | Found a basalt altar of Yredelemnul.
  4199 | D:4      | Found a glowing silver altar of Zin.
  4430 | D:4      | Reached skill level 4 in Polearms
  4430 | D:4      | Reached XP level 6. HP: 43/48 MP: 6/6
  5194 | D:5      | Entered Level 5 of the Dungeon
  5202 | D:5      | Noticed a wyvern
  5216 | D:5      | Killed a wyvern
  5217 | D:5      | Reached XP level 7. HP: 23/55 MP: 7/7
  5640 | D:5      | Found a runed translucent door.
  5645 | D:5      | Noticed ildemir's ghost (novice HuHu)
  5661 | D:5      | Found a runed translucent door.
  6284 | D:5      | Reached skill level 5 in Polearms
  6426 | D:5      | Found a staircase to the Ecumenical Temple.
  6464 | Temple   | Entered the Ecumenical Temple
  6841 | Temple   | Became a worshipper of Elyvilon the Healer
  6841 | Temple   | Reached * piety under Elyvilon
  6841 | Temple   | Reached ** piety under Elyvilon
  7004 | D:5      | Reached skill level 5 in Dodging
  7004 | D:5      | Reached XP level 8. HP: 26/61 MP: 8/8
  7070 | D:5      | Reached skill level 5 in Fighting
  7402 | D:5      | Found a sacrificial altar of Ru.
  8063 | D:6      | Noticed a water elemental
  8065 | D:6      | Found a stormy altar of Qazlal.
  8067 | D:6      | Noticed a fire elemental
  8067 | D:6      | Noticed an air elemental
  8132 | D:6      | Found a snail-covered altar of Cheibriados.
  8351 | D:6      | Noticed Edmund
  8353 | D:6      | Found a faded altar of an unknown god.
  8355 | D:6      | Found a hazy altar of Hepliaklqana.
  8369 | D:6      | Killed Edmund
  8370 | D:6      | Reached skill level 6 in Polearms
  9373 | D:6      | Found Lyisk's Assorted Antiques.
  9378 | D:6      | Bought a large copper ring for 165 gold pieces
  9447 | D:6      | HP: 2/63 [poisoned by a water moccasin]
  9448 | D:6      | Gained mutation: You are robust. (+10% HP) [potion of
                  | mutation]
  9448 | D:6      | Gained mutation: You are partially covered in iridescent
                  | scales. (AC +2) [potion of mutation]
  9448 | D:6      | Gained mutation: You expend magic power (3 MP) to
                  | strengthen your wands. [potion of mutation]
  9448 | D:6      | Succumbed to a water moccasin's poison

Illustrated notes

Levels and vault maps discovered:
D:1:      elethiomel_arrival_shortcut, layout_basic,
          hellmonk_ecumenical_altar_defaced_shrine
D:2:      layout_loops_ring, grunt_ministairs_7, uniq_jessica
D:3:      layout_basic, mainiacjoe_overflow_small_starburst,
          mainiacjoe_overflow_cross_hatched
D:4:      layout_cave_pods, old_standard_altar
D:5:      layout_gridville, nicolae_overflow_crystal_walls,
          minmay_temple_entry_ruins, ebering_ghost_sewer_f, enter_ossuary_3
D:6:      layout_basic, cheibrodos_worm_habitat,
          beargit_hepliaklqana_dungeon_heroes, nicolae_qazlal_style_of_elements,
          serial_shops, nicolae_square_shop, serial_curves, eino_curves_03,
          eino_curves_02, eino_curves_04, eino_curves_02, abandoned_shop
Temple:   eino_wide_crystal_templ

Skill      XL: |  1  2  3  4  5  6  7  8 |
---------------+-------------------------+-----
Staves         | 1 2 3 |  3.7
Fighting       | 4 5 |  5.5
Polearms       | 4 5 6 |  6.3
Dodging        | 4 5 |  5.4
Stealth        | 3 |  3.5

Action                   |  1- 3 |  4- 6 |  7- 9 || total
-------------------------+-------+-------+-------++-------
Melee: Spear             |    90 |       |       ||    90
       Trident           |     3 |   243 |    95 ||   341
       Halberd           |       |       |    89 ||    89
Invok: Lesser Healing    |       |       |     2 ||     2
Evoke: Wand              |       |       |     1 ||     1
  Use: Scroll            |     9 |     3 |     5 ||    17
       Potion            |       |     5 |     3 ||     8
 Stab: Sleeping          |     6 |     7 |     3 ||    16
       Distracted        |       |     1 |       ||     1
Armor: Robe              |     4 |    36 |    35 ||    75
       Skin              |       |     5 |       ||     5
Dodge: Dodged            |    36 |   157 |   105 ||   298
